 Dungeon Crawl Stone Soup version 0.30-a0-760-g5a9884bb7c (webtiles) character file.

Game seed: 15100811546205403339

130 dolemite99 the Magician (level 5, 0/35 HPs)
             Began as a Djinni Necromancer on Feb 12, 2023.
             Slain by Blork the orc
             ... wielding a +0 scimitar
              (5 damage)
             ... on level 4 of the Dungeon.
             The game lasted 00:07:05 (3417 turns).

dolemite99 the Magician (Djinni Necromancer)        Turns: 3417, Time: 00:07:06

Health: 0/35       AC:  4    Str: 13    XL:     5   Next: 36%
Gold:   183        EV: 12    Int: 19    God:
                   SH:  0    Dex: 13

rFire   + + .      SeeInvis .    a - +4 short sword (venom)
rCold   x . .      Faith    .    (no shield)
rNeg    . . .      Spirit   .    r - +0 robe
rPois   ∞          Reflect  .    (no helmet)
rElec   .          Harm     .    (no cloak)
rCorr   .          Rampage  .    c - +1 pair of gloves
Will    .....                    (boots unavailable)
Stlth   ++                       (no amulet)
HPRegen 0.25/turn                l - +6 ring of strength
MPRegen 0.00/turn                (no ring)

@: flying
A: sickness immunity, fire resistance 2, cold vulnerability 1, float, innate
caster, HP casting, extra vitality 1
a: no special abilities


You were on level 4 of the Dungeon.
You visited 1 branch of the dungeon, and saw 4 of its levels.

You collected 183 gold pieces.

Inventory:

Hand Weapons
 a - a +4 short sword of venom (weapon)
 g - a +0 club
 h - a +0 whip
 x - a +0 falchion of freezing
Missiles
 m - 5 javelins
 o - 2 silver javelins
 z - 2 curare-tipped darts
Armour
 c - a +1 pair of gloves (worn)
 r - a +0 robe (worn)
Jewellery
 l - a +6 ring of strength (left hand)
 n - a +6 ring of dexterity
Wands
 s - a wand of digging (5)
 v - a wand of flame (26)
Scrolls
 d - a scroll of identify {@r1}
 p - a scroll of noise
 u - a scroll of poison {unknown}
 y - a scroll of vulnerability {unknown}
Potions
 b - a potion of magic
 f - a potion of flight {unknown}
 i - 2 potions of curing
 j - 3 potions of lignification {unknown}
 q - a potion of ambrosia {unknown}
 t - a potion of invisibility {unknown}
 w - a potion of berserk rage {unknown}


   Skills:
 - Level 2.1 Dodging
 - Level 1.5 Stealth
 + Level 4.9 Spellcasting


You couldn't memorise any spells.
You knew the following spells:

 Your Spells              Type           Power      Damage    Failure   Level
a - Necrotise             Necr           92%        1d8       1%          1
b - Vampiric Draining     Necr           23%        2d7       4%          3
c - Freeze                Ice            92%        1d9       1%          1
d - Agony                 Necr           23%        N/A       41%         5
e - Animate Dead          Necr           23%        N/A       16%         4
f - Blink                 Tloc           46%        N/A       2%          2
Your spell library was empty.

Dungeon Overview and Level Annotations

Branches:
Dungeon (4/15)
 Temple: D:4-7

Altars:
Cheibriados

Shops:
D:3 (

Annotations:
D:3 exclusion: downstairs
D:4 Blork the orc


Innate Abilities, Weirdness & Mutations

You are immune to sickness and miasma.
You are immune to poison.
Your flesh is very heat resistant. (rF++)
You are vulnerable to cold. (rC-)
You float through the air rather than walking.
You learn spells naturally, not from books.
Your magical power is your life essence.
You have superior vitality. (+4 MHP)


Message History

Found 2 curare-tipped darts.
Found a stone staircase leading up.
You see here 2 curare-tipped darts.
z - 2 curare-tipped darts The phantom closely misses you.
Blork the orc gestures at you while chanting.
The puff of frost hits you!
You feel a terrible chill! Blork the orc misses you.
Blork the orc attacks as you move away!
Blork the orc hits you but does no damage.
The phantom attacks as you move away! The phantom barely misses you.
There is a stone staircase leading up here.
The phantom hits you.
The phantom blinks!
You blink.
You stop ascending the stairs.
A jelly comes into view.
The phantom attacks as you move away! The phantom barely misses you.
The phantom attacks as you move away! The phantom hits you.
The jelly quivers.
The phantom attacks as you move away! The phantom hits you.
A phantom comes into view.
You feel better. The phantom hits you.
The phantom blinks!
You blink.
The jelly hits you but does no damage.
As you read the scroll labelled ZUISKYN JADWIRCH, it crumbles to dust.
It is a scroll of brand weapon.
Your +0 falchion is covered with a thin layer of ice!
x - a +0 falchion of freezing The phantom closely misses you.
The jelly barely misses you.
Blork the orc hits you with a +0 scimitar!
As you read the scroll labelled LOGOWU SIRPH, it crumbles to dust.
It is a scroll of identify.
p - a scroll of noise The phantom closely misses you.
The jelly closely misses you.
Blork the orc hits you with a +0 scimitar!
* * * LOW HITPOINT WARNING * * *
As you read the scroll labelled ZIZXIY SUCK, it crumbles to dust.
The creatures around you are filled with an inner flame!
It was a scroll of immolation.
The phantom barely misses you. The jelly hits you but does no damage.
Blork the orc hits you with a +0 scimitar.
You die...

....###.##.##. #.......#..##
#.........##.##### #............
#.#....#####.#..........##.#....
#.#..§o..#.#.######...##.#.##. #
#...........# #...##.#.##.
#.##.###.#..# ##+###.#.##+
#.#..# #.#..## #.#.# #.#...
#.#oWJ# #.#.# #.####.#.##@.#
#.#.# #.. .#.....# ###
####..W##### ............#
######.####W# .... .. ###.# .#
#.. .. ## ##


You could see Blork the orc (inner flame), 2 phantoms and a jelly (inner flame).

Vanquished Creatures
  An iron imp (D:3)
  A gnoll (D:1)
  A worm (D:4)
  4 orcs (D:3)
  3 endoplasms
  4 giant cockroaches (D:1)
  3 goblins
  6 hobgoblins
  7 jackals
  4 ball pythons
  6 bats
  A frilled lizard (D:2)
  4 kobolds
  6 rats
51 creatures vanquished.

Vanquished Creatures (collateral kills)
  An orc priest (D:3)
  A ball python (D:3)
  A rat (D:1)
3 creatures vanquished.

Grand Total: 54 creatures vanquished

Notes
Turn   | Place    | Note
-------+----------+-------------------------------------------
     0 | D:1      | dolemite99 the Djinni Necromancer began the quest for the
                  | Orb.
     0 | D:1      | dolemite99 set off with the following spells memorised:
                  | Necrotise, Vampiric Draining, Animate Dead, Agony.
     0 | D:1      | Reached XP level 1. HP: 15/15 MP: 0/0
   260 | D:1      | Reached XP level 2. HP: 12/21 MP: 0/0
   530 | D:1      | Reached XP level 3. HP: 21/25 MP: 0/0
   530 | D:1      | Learned a level 1 spell: Freeze
   707 | D:1      | Reached skill level 4 in Spellcasting
  1934 | D:2      | Reached XP level 4. HP: 21/31 MP: 0/0
  2500 | D:3      | Found Miacleshreu's Antique Weapon Shoppe.
  2967 | D:4      | Found a snail-covered altar of Cheibriados.
  3001 | D:3      | Reached XP level 5. HP: 30/35 MP: 0/0
  3001 | D:3      | Learned a level 2 spell: Blink
  3357 | D:4      | Noticed Blork the orc
  3357 | D:4      | Noticed a phantom
  3413 | D:4      | Noticed a phantom
  3417 | D:4      | Slain by Blork the orc

Illustrated notes

Levels and vault maps discovered:
D:1:      amcnicky_arrival_underground_garden, layout_loops_ring
D:2:      layout_basic
D:3:      layout_basic, serial_shops, nicolae_shop_behind_doors
D:4:      layout_basic, zin_purify, slow_altar_1, uniq_blork_the_orc, uniq_ijyb

Skill      XL: |  1  2  3 |
---------------+----------+-----
Spellcasting   | 4 |  4.9
Dodging        | |  2.1
Stealth        | |  1.5

Action                     |  1- 3 |  4- 6 || total
---------------------------+-------+-------++-------
  Melee: Unarmed           |     3 |       ||     3
         Whip              |     7 |       ||     7
         Short sword       |     3 |    13 ||    16
   Cast: Necrotise         |    63 |    26 ||    89
         Freeze            |       |     8 ||     8
    Use: Scroll            |     1 |     6 ||     7
         Potion            |       |     2 ||     2
   Stab: Sleeping          |     1 |       ||     1
 Armour: Robe              |    11 |    11 ||    22
  Dodge: Dodged            |    35 |    25 ||    60

Table legend: (Time is in decaauts)
 A = Elapsed time spent in this place.
 B = Non-inter-level travel time spent in this place.
 C = Inter-level travel time spent in this place.
 D = Time resting spent in this place.
 E = Time spent auto-exploring this place.
 F = Levels seen in this place.
 G = Mean time per level.
                   A        B        C        D        E       F      G
               +--------+--------+--------+--------+--------+-----+--------+
         Total |   3417 |   3329 |     88 |    585 |   2030 |   4 |  854.2 |
       Dungeon |   3417 |   3329 |     88 |    585 |   2030 |   4 |  854.2 |
               +--------+--------+--------+--------+--------+-----+--------+

Top non-repeatable levels by time:
     D:1: 1115 daAuts
     D:2: 1023 daAuts
     D:3: 980 daAuts
     D:4: 298 daAuts
